 Dungeon Crawl Stone Soup version 0.26-a0-670-g578ab304f5 (webtiles) character file.

Game seed: 18423992200830753726

357 PentaManta the Ruffian (level 6, -6/47 HPs)
             Began as a Ghoul Artificer on Oct 19, 2020.
             Mangled by a wyvern (11 damage)
             ... on level 4 of the Dungeon.
             The game lasted 00:06:04 (3878 turns).

PentaManta the Ruffian (Ghoul Artificer)            Turns: 3878, Time: 00:06:07

Health: -6/47      AC:  8    Str: 15 (18) XL:     6   Next: 64%
Magic:  5/5        EV:  9    Int:  3 (6)  God:
Gold:   176        SH:  0    Dex:  7 (9)  Spells: 5/5 levels left

rFire    . . .     SeeInvis .     - Unarmed
rCold    + . .     Faith    .   (no shield)
rNeg     + + +     Spirit   .   k - +0 scale mail
rPois    ∞         Reflect  .   f - +0 helmet
rElec    .         Harm     .   p - +0 cloak
rCorr    .         Rampage  .   (no gloves)
MR       .....                  (no boots)
Stlth    ..........             (no amulet)
HPRegen  0.00/turn              (no ring)
MPRegen  0.09/turn              (no ring)

@: no status effects
A: rotting body, claws 1, cold resistance 1, negative energy resistance 3,
inhibited regeneration, torment resistance, unbreathing
a: no special abilities


You were on level 4 of the Dungeon.
You visited 1 branch of the dungeon, and saw 4 of its levels.

You collected 176 gold pieces.

Inventory:

Hand Weapons
 q - a +1 dagger of venom
Missiles
 b - 13 poisoned darts (quivered)
Armour
 f - a +0 helmet (worn)
 k - a +0 scale mail (worn)
 o - a +0 chain mail
 p - a +0 cloak (worn)
Wands
 c - a wand of flame (33)
 d - a wand of enslavement (15)
 e - a wand of random effects (15)
Scrolls
 a - 2 scrolls of identify {unknown}
 j - a scroll of remove curse {unknown}
 l - a scroll of amnesia {unknown}
 n - 3 scrolls of fog {unknown}
Potions
 h - 2 potions of lignification {unknown}
 i - 2 potions of curing {unknown}
 m - a potion of heal wounds {unknown}
 r - a potion of brilliance {unknown}


   Skills:
 - Level 1.1 Fighting
 - Level 2.0 Armour
 - Level 1.1 Dodging
 - Level 1.1 Stealth
 + Level 6.9 Unarmed Combat
 - Level 2.6 Evocations


You had 5 spell levels left.
You didn't know any spells.
Your spell library was empty.

Dungeon Overview and Level Annotations

Branches:
Dungeon (4/15)
 Temple: D:4-7

Altars:
Fedhas
Sif Muna
Vehumet

Annotations:
D:3 3 runed translucent doors, CheiIsBae's ghost, amateur HOMo


Innate Abilities, Weirdness & Mutations

Your body is rotting away.
You thrive by killing the living.
You are immune to poison.
You have sharp fingernails.
Your flesh is cold resistant. (rC+)
You are immune to negative energy. (rN+++)
You do not regenerate when monsters are visible.
You are immune to unholy pain and torment.
You can survive without breathing.


Message History

The wyvern is heavily wounded.
The wyvern bites you!
You are too injured to fight recklessly!
You completely miss the wyvern.
The wyvern is heavily wounded.
The wyvern bites you. The wyvern barely misses you.
You scratch the wyvern.
The wyvern is severely wounded.
The wyvern barely misses you.
You scratch the wyvern but do no damage.
The wyvern is heavily wounded.
The wyvern bites you!
* * * LOW HITPOINT WARNING * * *
It was a potion of degeneration.
There was something very wrong with that liquid.
You feel weakened.
You feel dopey.
You feel clumsy. The wyvern bites you.
* * * LOW HITPOINT WARNING * * *
The wyvern bites you!
You die...

#################
#................
#.#############.#
#.# ###... #.#
#..... #.# #.#...
#.# #.####
######.# ###
#...l@.# #.######


You could see a wyvern.

Vanquished Creatures
  A centaur (D:2)
  An orc wizard (D:3)
  Jessica (D:3)
  A worker ant (D:4)
  4 gnolls (D:1)
  7 adders
  A worm (D:2)
  3 dart slugs (D:1)
  12 orcs (D:3)
  3 giant cockroaches
  10 goblins
  6 hobgoblins
  2 jackals (D:2)
  7 kobolds
  A quokka (D:2)
  12 bats
  8 frilled lizards
  9 rats
89 creatures vanquished.

Notes
Turn   | Place    | Note
-------+----------+-------------------------------------------
     0 | D:1      | PentaManta the Ghoul Artificer began the quest for the Orb.
     0 | D:1      | Reached XP level 1. HP: 16/16 MP: 0/0
    37 | D:1      | Reached skill level 1 in Dodging
   133 | D:1      | Reached XP level 2. HP: 22/23 MP: 1/1
   154 | D:1      | Reached skill level 1 in Unarmed Combat
   384 | D:1      | Reached skill level 2 in Unarmed Combat
   511 | D:1      | Reached XP level 3. HP: 27/28 MP: 2/2
   863 | D:1      | Reached skill level 3 in Unarmed Combat
  1126 | D:1      | Reached XP level 4. HP: 32/35 MP: 3/3
  1325 | D:1      | HP: 1/35 [gnoll (5)]
  1643 | D:1      | Reached skill level 4 in Unarmed Combat
  1982 | D:2      | Found a radiant altar of Vehumet.
  2182 | D:2      | Reached XP level 5. HP: 40/40 MP: 4/4
  2265 | D:2      | Noticed a centaur
  2277 | D:2      | Killed a centaur
  2277 | D:2      | Reached skill level 5 in Unarmed Combat
  2637 | D:2      | Found a shimmering blue altar of Sif Muna.
  2751 | D:3      | Reached XP level 6. HP: 46/47 MP: 5/5
  2806 | D:3      | Found a runed translucent gate.
  2806 | D:3      | Found a runed translucent gate.
  2808 | D:3      | Found a runed translucent gate.
  2825 | D:3      | Noticed CheiIsBae's ghost (amateur HOMo)
  2857 | D:3      | Reached skill level 6 in Unarmed Combat
  2990 | D:3      | Found a blossoming altar of Fedhas.
  3133 | D:3      | Noticed Jessica
  3137 | D:3      | Killed Jessica
  3868 | D:4      | Noticed a wyvern
  3878 | D:4      | Mangled by a wyvern

Illustrated notes

Levels and vault maps discovered:
D:1:      kennysheep_arrival_forest, layout_loops_ring, minmay_pentomino_t2
D:2:      layout_rooms, vehumet_crystals, marbit_many_paths
D:3:      layout_basic, lemuel_doored_altar, gammafunk_ghost_necromancy,
          chequers_mini_garden, uniq_jessica
D:4:      minmay_thinvault, layout_loops_ring, okawaru_altar_gauntlet_db,
          nicolae_overflow_hidden_temple, minmay_temple_entry_from_below_b,
          serial_shops, shop_fountains, grunt_ministairs_12

Skill      XL: |  1  2  3  4  5  6 |
---------------+-------------------+-----
Dodging        | 1 |  1.1
Armour         | 2 |  2.0
Unarmed Combat | 2 3 4 5 6 |  6.9
Fighting       | |  1.1
Stealth        | |  1.1
Evocations     | |  2.6

Action                   |  1- 3 |  4- 6 || total
-------------------------+-------+-------++-------
Melee: Unarmed           |   100 |   226 ||   326
       Punch             |       |     4 ||     4
  Use: Potion            |       |     1 ||     1
 Stab: Sleeping          |     1 |       ||     1
Armor: Leather armour    |    34 |    15 ||    49
       Scale mail        |       |    77 ||    77
Dodge: Dodged            |    61 |   100 ||   161

Table legend: (Time is in decaauts)
 A = Elapsed time spent in this place.
 B = Non-inter-level travel time spent in this place.
 C = Inter-level travel time spent in this place.
 D = Time resting spent in this place.
 E = Time spent auto-exploring this place.
 F = Levels seen in this place.
 G = Mean time per level.
                   A        B        C        D        E       F      G
               +--------+--------+--------+--------+--------+-----+--------+
         Total |   3856 |   3778 |     78 |    815 |   2261 |   4 |  964.0 |
       Dungeon |   3856 |   3778 |     78 |    815 |   2261 |   4 |  964.0 |
               +--------+--------+--------+--------+--------+-----+--------+

Top non-repeatable levels by time:
     D:1: 1516 daAuts
     D:2: 1174 daAuts
     D:3: 858 daAuts
     D:4: 307 daAuts
